 Dungeon Crawl Stone Soup version 0.28.0-53-g5a82cb258f (webtiles) character file.

Game seed: 12660413196854582359

77 Zeld the Skirmisher (level 4, 0/41 HPs)
             Began as a Minotaur Berserker on May 23, 2022.
             Was a Believer of Trog.
             Slain by Crazy Yiuf
             ... wielding a +4 quarterstaff of chaos
              (3 damage)
             ... on level 2 of the Dungeon.
             The game lasted 00:01:44 (2017 turns).

Zeld the Skirmisher (Minotaur Berserker)            Turns: 2017, Time: 00:01:45

Health: 0/41       AC:  2    Str: 24    XL:     4   Next: 14%
Magic:  3/3        EV: 12    Int:  4    God:    Trog [**....]
Gold:   84         SH:  0    Dex:  9    Spells: 3/3 levels left

rFire   . . .      SeeInvis +   a - +0 hand axe
rCold   . . .      Faith    .   (no shield)
rNeg    . . .      Spirit   .   b - +0 animal skin
rPois   .          Reflect  .   (helmet restricted)
rElec   .          Harm     .   (no cloak)
rCorr   .          Rampage  .   (no gloves)
Will    ++...                   (no boots)
Stlth   +.........              (no amulet)
HPRegen 1.13/turn               h - ring of see invisible
MPRegen 0.08/turn               (no ring)

@: strong-willed (expiring), regenerating (expiring)
A: horns 2, retaliatory headbutt
a: Renounce Religion, Berserk, Trog's Hand


You were on level 2 of the Dungeon.
You worshipped Trog.
Trog was pleased with you.
You visited 1 branch of the dungeon, and saw 2 of its levels.

You collected 84 gold pieces.

Inventory:

Hand Weapons
 a - a +0 hand axe (weapon)
Armour
 b - a +0 animal skin (worn)
Jewellery
 h - a ring of see invisible (left hand)
Wands
 c - a wand of flame (24)
Scrolls
 d - a scroll of teleportation {unknown}
 f - a scroll of vulnerability {unknown}
 g - a scroll of magic mapping {unknown}
Potions
 e - a potion of flight {unknown}


   Skills:
 * Level 4.5 Fighting
 * Level 4.5 Axes
 + Level 3.1 Armour
 + Level 2.8 Dodging


You had 3 spell levels left.
You didn't know any spells.
Your spell library was empty.

Dungeon Overview and Level Annotations

Branches:
Dungeon (2/15)

Altars:

Annotations:
D:2 Crazy Yiuf


Innate Abilities, Weirdness & Mutations

You have a pair of horns on your head.
You reflexively headbutt those who attack you in melee.


Message History

Crazy Yiuf flaps his cloak.
There is a stone staircase leading up here.
Crazy Yiuf yells, "Shower Orb Guardian arm!"
Crazy Yiuf hits you with a +4 quarterstaff of chaos!
* * * LOW HITPOINT WARNING * * *
Crazy Yiuf draws strength from your wounds!
Crazy Yiuf whimpers, "Action bag King!"
Crazy Yiuf cries, "Trifle!"
Crazy Yiuf screams, "Fire!"
Crazy Yiuf screams, "Announcement Hive chair!"
Crazy Yiuf cries, "Pitchfork hog fast!"
Your skin crawls.
You feel strong-willed.
Crazy Yiuf cries, "Adder forty-two ragdoll!"
Crazy Yiuf barely misses you. You furiously retaliate!
You headbutt Crazy Yiuf.
There is a stone staircase leading up here.
Crazy Yiuf says, "Aardvark!
Fire childish testudinal."
You fail to use your ability.
Crazy Yiuf closely misses you.
You slash Crazy Yiuf! You headbutt Crazy Yiuf.
Crazy Yiuf is heavily wounded.
Crazy Yiuf cries, "Mountain!
Lugonu alas agre."
Crazy Yiuf closely misses you.
Unknown command.
You hit Crazy Yiuf.
Crazy Yiuf is severely wounded.
You feel the effects of Trog's Hand fading.
Crazy Yiuf closely misses you.
Unknown command.
You hit Crazy Yiuf.
Crazy Yiuf is almost dead.
Crazy Yiuf hits you with a +4 quarterstaff of chaos!
* * * LOW HITPOINT WARNING * * *
Crazy Yiuf draws strength from your wounds!
Unknown command.
You closely miss Crazy Yiuf.
Crazy Yiuf is heavily wounded.
Crazy Yiuf hits you with a +4 quarterstaff of chaos!
* * * LOW HITPOINT WARNING * * *
Crazy Yiuf burns you.
You die...

.# #.##.## #. .#
#.....#
###########. .#
###.#.#
#........... .#
############.#<#
#.########## .#
#>........##.#.#
#.# .#
#.#######.##.#.#
#.# .# #.#
#.##.#.# #.# .##
#.# #.##g#.# #.#
..# #.#
#.##@#.###.#
..###.##
#.##.......#
..##...##
#.##...#####
####....#
#.##...# #....#
#.##...# #....#
#.##...# ###P.#
###......####
#.##
#......#....#
##.#
###########.#


You could see Crazy Yiuf.

Vanquished Creatures
  3 adders (D:2)
  A worm (D:2)
  2 dart slugs
  5 endoplasms
  3 giant cockroaches
  4 goblins
  4 hobgoblins (D:2)
  3 jackals (D:1)
  3 kobolds (D:1)
  2 quokkas
  4 ball pythons
  A bat (D:1)
  A frilled lizard (D:2)
  3 rats
39 creatures vanquished.

Vanquished Creatures (others)
  4 fungi (D:2)
4 creatures vanquished.

Grand Total: 43 creatures vanquished

Notes
Turn   | Place    | Note
-------+----------+-------------------------------------------
     0 | D:1      | Zeld the Minotaur Berserker began the quest for the Orb.
     0 | D:1      | Reached XP level 1. HP: 19/19 MP: 0/0
   120 | D:1      | You fall into a shaft and drop 1 floor!
   142 | D:2      | Reached XP level 2. HP: 26/27 MP: 1/1
   361 | D:1      | Reached XP level 3. HP: 28/33 MP: 2/2
   453 | D:1      | Reached ** piety under Trog
   532 | D:1      | Found a faded altar of an unknown god.
  1368 | D:2      | Reached XP level 4. HP: 41/41 MP: 3/3
  1889 | D:2      | Found a runed translucent door.
  1890 | D:2      | Noticed Crazy Yiuf
  1913 | D:2      | HP: 1/41 [Crazy Yiuf/+4 quarterstaff of chaos (8)]
  1988 | D:2      | HP: 1/41 [Crazy Yiuf/+4 quarterstaff of chaos (10)]
  2017 | D:2      | Slain by Crazy Yiuf

Illustrated notes

Levels and vault maps discovered:
D:1:      dpeg_arrival_arbitrary_b, layout_loops_corners,
          nicolae_ecumenical_snake_handling, serial_bayou_pond_e
D:2:      layout_loops_ring, chequers_serial_rivers_small_3, corner_web_ring,
          solitary_fountain, uniq_crazy_yiuf_cottage

Skill      XL: |  1  2  3 |
---------------+----------+-----
Axes           | 4 |  4.5
Fighting       | 4 |  4.5
Armour         | 3 |  3.1
Dodging        | |  2.8

Action                   |  1- 3 |  4- 6 || total
-------------------------+-------+-------++-------
Melee: Hand axe          |    77 |    17 ||    94
       Headbutt          |    16 |     4 ||    20
       Punch             |     2 |     2 ||     4
Invok: Trog's Hand       |       |     1 ||     1
Armor: Animal skin       |    12 |     1 ||    13
Dodge: Dodged            |    57 |     7 ||    64
